Pick #1

Connor Bedard
Pick #2

Leo Carlsson
Pick #3

Adam Fantilli
Pick #4

Matvei Michkov
Pick #5

David Reinbacher
Pick #6

William Smith
Pick #7

Zachary Benson
Pick #8

Ryan Leonard
Pick #9

Gabriel Perreault
Pick #10

Axel Sandin-Pellika
Pick #11

Daniil But
Pick #12

Dalibor Dvorsky
Pick #13

Quentin Musty
Pick #14

Brayden Yager
Pick #15

Dmitry Simashev
Pick #16

Colby Barlow
Pick #17

Andrew Cristall
Pick #18

Easton Cowan
Pick #19

Jacob Fowler
Pick #20

Oliver Moore
Pick #21

Oliver Bonk
Pick #22

Tom Willander
Pick #23

Calum Ritchie
Pick #24

Tanner Molendyk
Pick #25

Gavin Brindley
Pick #26

Nate Danielson
Pick #27

Pick #28

Pick #29

Pick #30

Pick #31

Pick #32

Pick #33

Pick #34

Pick #35

Pick #36

Pick #37

Pick #38

Pick #39

Pick #40

Pick #41

Pick #42

Pick #43

Pick #44

Pick #45

Pick #46

Pick #47

Pick #48

Pick #49

Pick #50

Pick #51

Pick #52

Pick #53

Pick #54

Pick #55

Pick #56

Pick #57

Pick #58

Pick #59

Pick #60

Pick #61

Pick #62

Pick #63

Pick #64

Pick #65

Pick #66

Pick #67

Pick #68

Pick #69

Pick #70

Pick #71

Pick #72

Pick #73

Pick #74

Pick #75

Pick #76

Pick #77

Pick #78

Pick #79

Pick #80

Pick #81

Pick #82

Pick #83

Pick #84

Pick #85

Pick #86

Pick #87

Pick #88

Pick #89

Pick #90

Pick #91

Pick #92

Pick #93

Pick #94

Pick #95

Pick #96

Pick #97

Pick #98

Pick #99

Pick #100

Pick #101

Pick #102

Pick #103

Pick #104

Pick #105

Pick #106

Pick #107

Pick #108

Pick #109

Pick #110

Pick #111

Pick #112

Pick #113

Pick #114

Pick #115

Pick #116

Pick #117

Pick #118

Pick #119

Pick #120

Pick #121

Pick #122

Pick #123

Pick #124

Pick #125

Pick #126

Pick #127

Pick #128

Pick #129

Pick #130

Full Scoreboard »»

Stars vs Predators

Created - October 25, 2023 at 09:25

Goals
1 2 3 T
Stars 1 0 1 2
Predators 2 0 2 4
Shots
1 2 3 T
Stars 10 13 6 29
Predators 10 10 11 31

GoalsPenalties
1st period
1. Stars , Nazem Kadri 1 (Nick Jensen 1, Sean Durzi 4) at 0:51
2. Predators , Gabriel Vilardi 2 (Tage Thompson 4, Taylor Hall 2) at 3:18 (PP)
3. Predators , Gabriel Vilardi 3 (Taylor Hall 3, Tage Thompson 5) at 18:04 (PP)
Evan Bouchard (DAL) for Tripping (Minor) at 2:52
Nikita Zadorov (NSH) for High sticking (Double Minor) at 10:17
Henri Jokiharju (DAL) for Hooking (Minor) at 16:15
Matt Grzelcyk (DAL) for Hooking (Minor) at 18:21
2nd period
No Goal
Oliver Wahlstrom (NSH) for Tripping (Minor) at 2:56
3rd period
4. Stars , Rickard Rakell 2 (Nick Jensen 2) at 0:54
5. Predators , Tage Thompson 1 (Darnell Nurse 8, Taylor Hall 4) at 3:28 (PP)
6. Predators , Lucas Raymond 3 (Darnell Nurse 9, Thomas Chabot 4) at 13:05
Nick Jensen (DAL) for Tripping (Minor) at 2:53
Brandon Carlo (NSH) for Interference (Minor) at 14:01
Taylor Hall (NSH) for Hooking (Minor) at 19:28
Goalie Stats
Thatcher Demko (DAL), 27 saves from 31 shots - (0.871), L, 1-4-0, 60:00 minutes
Ilya Sorokin (NSH), 27 saves from 29 shots - (0.931), W, 5-1-0, 60:00 minutes
3 StarsOfficial
1 - Gabriel Vilardi (NSH)
2 - Tage Thompson (NSH)
3 - Darnell Nurse (NSH)
Referees : Frederick L'Ecuyer and Chris Rooney
Linesman : Ryan Galloway and Steven Berry
Game Note
J.T. Miller is injured at 17:05 of 3rd period (Sprained Left Ankle)
Finance
Level 1 -- Attendance: 6321 (97.25%) -- Ticket Income $758,520
Level 2 -- Attendance: 3877 (77.54%) -- Ticket Income $372,192
Level 3 -- Attendance: 2338 (66.80%) -- Ticket Income $187,040
Level 4 -- Attendance: 1113 (100.00%) -- Ticket Income $77,910
Luxury Box -- Attendance: 996 (99.60%) -- Ticket Income $224,100
Game was played at the Bridgestone Arena.
Total Attendance: 14645 (85.58%)
Total Ticket Income: $1,619,762
Other Income: $404,940
Total Income: $2,024,702



Team Name Goals Shots Shots Attemp Shots Blocked PIM HIT PP PK FO%
Stars 22956128190 / 5 (0%)342%
Predators 43172910263 / 4 (75%)058%

Stars
Player Name POS G A P +/- PIM HIT SHT SB MP PP MP PP SHT PK MP PK SHT FO% FOT
Anton LundellC000-1010011:210:0002:53047% 19
Carter VerhaegheC0000001019:253:2200:30060% 5
Elias LindholmC0000001021:144:1501:26041% 29
Evan BouchardD0000203424:513:5722:3000% 0
Gustav ForslingD0000022225:184:0112:5200% 0
Henri JokiharjuD0000211212:410:0001:2100% 0
Matt GrzelcykD0000200016:014:2700:1400% 0
Nazem KadriC1012015021:014:3310:00037% 27
Nick JensenD0221211217:080:1200:0000% 0
Noah CatesLW000000009:290:0003:1500% 0
Phil KesselRW000-100109:110:4300:0000% 2
Rickard RakellRW1012002016:280:0000:000100% 1
Sean DurziD0111011123:574:1912:4100% 0
Seth JarvisC000000006:140:0000:00050% 6
Tanner PearsonLW000000006:220:0000:0800% 0
Timo MeierRW0002065120:314:0300:000100% 1
Viktor ArvidssonRW000-1001012:414:1310:0000% 1
Vincent TrocheckC0000065021:144:1511:2600% 2
Predators
Player Name POS G A P +/- PIM HIT SHT SB MP PP MP PP SHT PK MP PK SHT FO% FOT
Alex TuchRW0000011119:552:1001:13050% 2
Bo HorvatC0000027018:042:1010:00063% 27
Brandon CarloD000-1211118:380:0000:5700% 0
Cal ClutterbuckRW000001106:280:0002:5500% 2
Darnell NurseD0221042123:052:2604:1700% 0
Gabriel VilardiRW2020022118:002:3920:000100% 1
J.T. CompherLW000000209:060:0005:3300% 2
J.T. MillerC000-1022115:340:0004:20059% 22
Jake McCabeD000-1010112:390:0000:0000% 0
Kyle ConnorLW0000001018:042:1000:0000% 1
Lucas RaymondLW1010012115:210:0000:00050% 2
Nikita ZadorovD000-1422017:092:2622:0500% 0
Oliver WahlstromRW000-1210011:540:0000:00067% 3
Roman JosiD000-1021124:382:2314:3300% 0
Tage ThompsonC1230014018:032:3910:00059% 22
Taylor HallLW033-1201014:332:3900:0000% 0
Thomas ChabotD0111031123:492:2305:0400% 0
Yakov TreninC000002106:280:0002:55067% 9



Play-by-Play

1st period


0:01 of 1st period - Bo Horvat wins face-off versus Elias Lindholm in neutral zone.
0:06 of 1st period - Shot by Alex Tuch.
0:06 of 1st period - Stopped by Thatcher Demko with a rebound.
0:11 of 1st period - Vincent Trocheck is hit by Roman Josi and loses puck.
0:24 of 1st period - Shot by Vincent Trocheck.
0:24 of 1st period - Stopped by Ilya Sorokin without a rebound.
0:25 of 1st period - Tage Thompson wins face-off versus Nazem Kadri in Predators zone.
0:25 of 1st period - Tage Thompson is hit by Timo Meier.
0:40 of 1st period - Icing by Rickard Rakell.
0:41 of 1st period - J.T. Miller wins face-off versus Nazem Kadri in Stars zone.
0:41 of 1st period - Taylor Hall is hit by Nick Jensen and loses puck.
0:51 of 1st period - Shot by Nazem Kadri.
0:51 of 1st period - Goal by Nazem Kadri - Stars : 1 - Predators : 0.
0:52 of 1st period - Yakov Trenin wins face-off versus Anton Lundell in neutral zone.
0:57 of 1st period - Shot by J.T. Compher.
0:57 of 1st period - Stopped by Thatcher Demko without a rebound.
0:58 of 1st period - J.T. Miller wins face-off versus Seth Jarvis in Stars zone.
1:03 of 1st period - Shot by J.T. Miller.
1:03 of 1st period - Shot Misses the Net.
1:09 of 1st period - Shot by J.T. Miller.
1:09 of 1st period - Stopped by Thatcher Demko without a rebound.
1:10 of 1st period - Tage Thompson wins face-off versus Anton Lundell in Stars zone.
1:14 of 1st period - Icing by Viktor Arvidsson.
1:15 of 1st period - Anton Lundell wins face-off versus Tage Thompson in Stars zone.
1:39 of 1st period - Shot by Tage Thompson.
1:39 of 1st period - Shot Misses the Net.
2:14 of 1st period - Matt Grzelcyk is hit by Thomas Chabot and loses puck.
2:52 of 1st period - Minor Penalty to Evan Bouchard for Tripping.
2:53 of 1st period - Carter Verhaeghe wins face-off versus Tage Thompson in Stars zone.
3:18 of 1st period - Shot by Gabriel Vilardi.
3:18 of 1st period - Goal by Gabriel Vilardi - Stars : 1 - Predators : 1.
3:19 of 1st period - Yakov Trenin wins face-off versus Nazem Kadri in neutral zone.
3:44 of 1st period - Shot by Roman Josi.
3:44 of 1st period - Shot Blocked by Timo Meier.
3:46 of 1st period - Shot by Yakov Trenin.
3:46 of 1st period - Stopped by Thatcher Demko without a rebound.
3:47 of 1st period - Oliver Wahlstrom wins face-off versus Vincent Trocheck in Stars zone.
4:40 of 1st period - J.T. Miller is hit by Vincent Trocheck and loses puck.
4:55 of 1st period - Shot by Timo Meier.
4:55 of 1st period - Deflect By Rickard Rakell.
4:55 of 1st period - Shot Misses the Net.
5:07 of 1st period - Shot by Nazem Kadri.
5:07 of 1st period - Deflect By Timo Meier.
5:07 of 1st period - Stopped by Ilya Sorokin with a rebound.
6:14 of 1st period - Shot by Tanner Pearson.
6:14 of 1st period - Shot Misses the Net.
6:28 of 1st period - Shot by Darnell Nurse.
6:28 of 1st period - Stopped by Thatcher Demko without a rebound.
6:29 of 1st period - Tage Thompson wins face-off versus Elias Lindholm in Stars zone.
7:28 of 1st period - Shot by Cal Clutterbuck.
7:28 of 1st period - Stopped by Thatcher Demko with a rebound.
7:47 of 1st period - Icing by Gustav Forsling.
7:48 of 1st period - Bo Horvat wins face-off versus Elias Lindholm in Stars zone.
8:32 of 1st period - Icing by Sean Durzi.
8:33 of 1st period - Tage Thompson wins face-off versus Nazem Kadri in Stars zone.
8:55 of 1st period - Shot by Nazem Kadri.
8:55 of 1st period - Stopped by Ilya Sorokin without a rebound.
8:56 of 1st period - Seth Jarvis wins face-off versus Oliver Wahlstrom in Predators zone.
9:28 of 1st period - Shot by Noah Cates.
9:28 of 1st period - Shot Misses the Net.
9:30 of 1st period - Shot by Noah Cates.
9:30 of 1st period - Shot Misses the Net.
9:32 of 1st period - Shot by Noah Cates.
9:32 of 1st period - Shot Misses the Net.
9:34 of 1st period - Shot by Matt Grzelcyk.
9:34 of 1st period - Shot Blocked by J.T. Miller.
9:41 of 1st period - Seth Jarvis is hit by Nikita Zadorov and loses puck.
9:51 of 1st period - Nikita Zadorov is hit by Nazem Kadri and loses puck.
10:17 of 1st period - Double Minor Penalty to Nikita Zadorov for High sticking.
10:18 of 1st period - Elias Lindholm wins face-off versus Alex Tuch in Predators zone.
10:24 of 1st period - Vincent Trocheck is hit by Thomas Chabot and loses puck.
11:09 of 1st period - Shot by Evan Bouchard.
11:09 of 1st period - Stopped by Ilya Sorokin without a rebound.
11:10 of 1st period - J.T. Miller wins face-off versus Carter Verhaeghe in Predators zone.
11:21 of 1st period - Shot by Evan Bouchard.
11:21 of 1st period - Shot Misses the Net.
11:37 of 1st period - Evan Bouchard is hit by Yakov Trenin.
11:51 of 1st period - J.T. Compher is hit by Timo Meier and loses puck.
12:12 of 1st period - Shot by Vincent Trocheck.
12:12 of 1st period - Shot Misses the Net.
12:20 of 1st period - Shot by Gustav Forsling.
12:20 of 1st period - Stopped by Ilya Sorokin without a rebound.
12:21 of 1st period - Elias Lindholm wins face-off versus Yakov Trenin in Predators zone.
12:28 of 1st period - Shot by Nazem Kadri.
12:28 of 1st period - Stopped by Ilya Sorokin without a rebound.
12:29 of 1st period - Carter Verhaeghe wins face-off versus J.T. Miller in Predators zone.
12:34 of 1st period - Shot by Evan Bouchard.
12:34 of 1st period - Stopped by Ilya Sorokin without a rebound.
12:35 of 1st period - J.T. Miller wins face-off versus Elias Lindholm in Predators zone.
13:02 of 1st period - Shot by Vincent Trocheck.
13:02 of 1st period - Stopped by Ilya Sorokin without a rebound.
13:03 of 1st period - Carter Verhaeghe wins face-off versus J.T. Miller in Predators zone.
13:12 of 1st period - Shot by Matt Grzelcyk.
13:12 of 1st period - Shot Misses the Net.
13:33 of 1st period - Icing by Evan Bouchard.
13:34 of 1st period - J.T. Miller wins face-off versus Carter Verhaeghe in Stars zone.
15:09 of 1st period - Shot by Timo Meier.
15:09 of 1st period - Shot Misses the Net.
15:11 of 1st period - Shot by Nazem Kadri.
15:11 of 1st period - Deflect By Rickard Rakell.
15:11 of 1st period - Shot Blocked by Jake McCabe.
15:34 of 1st period - Shot by Timo Meier.
15:34 of 1st period - Stopped by Ilya Sorokin without a rebound.
15:35 of 1st period - Tage Thompson wins face-off versus Elias Lindholm in Predators zone.
15:51 of 1st period - Tage Thompson is hit by Henri Jokiharju and loses puck.
15:58 of 1st period - Shot by Tage Thompson.
15:58 of 1st period - Shot Misses the Net.
16:15 of 1st period - Minor Penalty to Henri Jokiharju for Hooking.
16:16 of 1st period - Anton Lundell wins face-off versus Tage Thompson in Stars zone.
16:37 of 1st period - Shot by Roman Josi.
16:37 of 1st period - Shot Blocked by Gustav Forsling.
16:39 of 1st period - Shot by Roman Josi.
16:39 of 1st period - Shot Misses the Net.
17:10 of 1st period - Shot by Nikita Zadorov.
17:10 of 1st period - Stopped by Thatcher Demko without a rebound.
17:11 of 1st period - Bo Horvat wins face-off versus Elias Lindholm in Stars zone.
17:56 of 1st period - Shot by Nikita Zadorov.
17:56 of 1st period - Stopped by Thatcher Demko with a rebound.
18:04 of 1st period - Shot by Gabriel Vilardi.
18:04 of 1st period - Goal by Gabriel Vilardi - Stars : 1 - Predators : 2.
18:05 of 1st period - Nazem Kadri wins face-off versus Cal Clutterbuck in neutral zone.
18:21 of 1st period - Minor Penalty to Matt Grzelcyk for Hooking.
18:22 of 1st period - Gabriel Vilardi wins face-off versus Anton Lundell in Stars zone.
19:23 of 1st period - Shot by Alex Tuch.
19:23 of 1st period - Shot Misses the Net.
Goals for this period are 1 for Stars vs 2 for Predators.
Shots for this period are 10 for Stars vs 10 for Predators.

2nd period


0:01 of 2nd period - Bo Horvat wins face-off versus Anton Lundell in neutral zone.
0:01 of 2nd period - Bo Horvat is hit by Anton Lundell.
0:05 of 2nd period - Shot by Roman Josi.
0:05 of 2nd period - Stopped by Thatcher Demko without a rebound.
0:06 of 2nd period - Bo Horvat wins face-off versus Anton Lundell in Stars zone.
0:06 of 2nd period - Bo Horvat is hit by Gustav Forsling.
0:12 of 2nd period - Shot by Bo Horvat.
0:12 of 2nd period - Stopped by Thatcher Demko without a rebound.
0:13 of 2nd period - Anton Lundell wins face-off versus Bo Horvat in Stars zone.
0:49 of 2nd period - Icing by Nazem Kadri.
0:50 of 2nd period - Bo Horvat wins face-off versus Nazem Kadri in Stars zone.
1:03 of 2nd period - Sean Durzi is hit by Bo Horvat and loses puck.
1:11 of 2nd period - Icing by Nick Jensen.
1:12 of 2nd period - Nazem Kadri wins face-off versus Tage Thompson in Stars zone.
1:12 of 2nd period - Rickard Rakell is hit by Lucas Raymond.
1:21 of 2nd period - Roman Josi is hit by Timo Meier and loses puck.
1:40 of 2nd period - Sean Durzi is hit by Brandon Carlo and loses puck.
2:18 of 2nd period - Elias Lindholm is hit by Gabriel Vilardi and loses puck.
2:55 of 2nd period - Shot by Bo Horvat.
2:55 of 2nd period - Stopped by Thatcher Demko without a rebound.
2:56 of 2nd period - Anton Lundell wins face-off versus J.T. Miller in Stars zone.
2:56 of 2nd period - Minor Penalty to Oliver Wahlstrom for Tripping.
2:57 of 2nd period - J.T. Miller wins face-off versus Nazem Kadri in Predators zone.
3:08 of 2nd period - Shot by Viktor Arvidsson.
3:08 of 2nd period - Shot Misses the Net.
4:07 of 2nd period - J.T. Compher is hit by Vincent Trocheck and loses puck.
4:32 of 2nd period - Shot by Viktor Arvidsson.
4:32 of 2nd period - Stopped by Ilya Sorokin without a rebound.
4:33 of 2nd period - Yakov Trenin wins face-off versus Phil Kessel in Predators zone.
4:42 of 2nd period - Shot by Sean Durzi.
4:42 of 2nd period - Stopped by Ilya Sorokin without a rebound.
4:43 of 2nd period - Yakov Trenin wins face-off versus Elias Lindholm in Predators zone.
5:17 of 2nd period - Shot by Bo Horvat.
5:17 of 2nd period - Stopped by Thatcher Demko with a rebound.
5:22 of 2nd period - Off-side.
5:23 of 2nd period - Nazem Kadri wins face-off versus Tage Thompson in neutral zone.
5:39 of 2nd period - Shot by Nazem Kadri.
5:39 of 2nd period - Shot Blocked by Lucas Raymond.
5:41 of 2nd period - Shot by Rickard Rakell.
5:41 of 2nd period - Shot Blocked by Darnell Nurse.
5:49 of 2nd period - Shot by Nazem Kadri.
5:49 of 2nd period - Stopped by Ilya Sorokin with a rebound.
5:51 of 2nd period - Shot by Timo Meier.
5:51 of 2nd period - Stopped by Ilya Sorokin without a rebound.
5:52 of 2nd period - Bo Horvat wins face-off versus Elias Lindholm in Predators zone.
6:10 of 2nd period - Shot by Bo Horvat.
6:10 of 2nd period - Stopped by Thatcher Demko without a rebound.
6:11 of 2nd period - Anton Lundell wins face-off versus J.T. Miller in Stars zone.
6:30 of 2nd period - Shot by Viktor Arvidsson.
6:30 of 2nd period - Shot Misses the Net.
6:32 of 2nd period - Shot by Viktor Arvidsson.
6:32 of 2nd period - Shot Misses the Net.
6:34 of 2nd period - Shot by Anton Lundell.
6:34 of 2nd period - Shot Hit the Post.
6:50 of 2nd period - Shot by Anton Lundell.
6:50 of 2nd period - Deflect By Phil Kessel.
6:50 of 2nd period - Stopped by Ilya Sorokin without a rebound.
6:51 of 2nd period - Bo Horvat wins face-off versus Elias Lindholm in Predators zone.
6:57 of 2nd period - Alex Tuch is hit by Gustav Forsling.
7:09 of 2nd period - Shot by Alex Tuch.
7:09 of 2nd period - Shot Misses the Net.
7:11 of 2nd period - Shot by Roman Josi.
7:11 of 2nd period - Shot Misses the Net.
7:30 of 2nd period - Icing by Alex Tuch.
7:31 of 2nd period - Rickard Rakell wins face-off versus Bo Horvat in Predators zone.
7:38 of 2nd period - Sean Durzi is hit by Bo Horvat and loses puck.
8:01 of 2nd period - Shot by Timo Meier.
8:01 of 2nd period - Stopped by Ilya Sorokin with a rebound.
8:11 of 2nd period - Shot by Gabriel Vilardi.
8:11 of 2nd period - Deflect By Tage Thompson.
8:11 of 2nd period - Stopped by Thatcher Demko without a rebound.
8:12 of 2nd period - J.T. Miller wins face-off versus Viktor Arvidsson in Stars zone.
8:36 of 2nd period - Shot by Taylor Hall.
8:36 of 2nd period - Shot Blocked by Gustav Forsling.
8:41 of 2nd period - Gustav Forsling is hit by Nikita Zadorov and loses puck.
8:52 of 2nd period - Shot by J.T. Miller.
8:52 of 2nd period - Shot Blocked by Evan Bouchard.
9:05 of 2nd period - Icing by Jake McCabe.
9:06 of 2nd period - Elias Lindholm wins face-off versus J.T. Miller in Predators zone.
9:06 of 2nd period - Elias Lindholm is hit by Jake McCabe.
10:16 of 2nd period - Shot by Lucas Raymond.
10:16 of 2nd period - Shot Misses the Net.
10:18 of 2nd period - Shot by Darnell Nurse.
10:18 of 2nd period - Shot Misses the Net.
10:25 of 2nd period - Icing by Henri Jokiharju.
10:26 of 2nd period - Bo Horvat wins face-off versus Nazem Kadri in Stars zone.
10:36 of 2nd period - Shot by Bo Horvat.
10:36 of 2nd period - Stopped by Thatcher Demko without a rebound.
10:37 of 2nd period - Anton Lundell wins face-off versus Yakov Trenin in Stars zone.
10:44 of 2nd period - Shot by Evan Bouchard.
10:44 of 2nd period - Stopped by Ilya Sorokin without a rebound.
10:45 of 2nd period - Bo Horvat wins face-off versus Nazem Kadri in Predators zone.
10:49 of 2nd period - Off-side.
10:50 of 2nd period - Nazem Kadri wins face-off versus Bo Horvat in neutral zone.
10:59 of 2nd period - Shot by Rickard Rakell.
10:59 of 2nd period - Stopped by Ilya Sorokin without a rebound.
11:00 of 2nd period - Tage Thompson wins face-off versus Elias Lindholm in Predators zone.
11:09 of 2nd period - Shot by Tage Thompson.
11:09 of 2nd period - Stopped by Thatcher Demko without a rebound.
11:10 of 2nd period - Nazem Kadri wins face-off versus Bo Horvat in Stars zone.
11:19 of 2nd period - Shot by Evan Bouchard.
11:19 of 2nd period - Shot Blocked by Thomas Chabot.
11:21 of 2nd period - Shot by Nazem Kadri.
11:21 of 2nd period - Deflect By Timo Meier.
11:21 of 2nd period - Stopped by Ilya Sorokin without a rebound.
11:22 of 2nd period - Tage Thompson wins face-off versus Elias Lindholm in Predators zone.
11:24 of 2nd period - Icing by Lucas Raymond.
11:25 of 2nd period - Tage Thompson wins face-off versus Nazem Kadri in Predators zone.
11:52 of 2nd period - Shot by Nazem Kadri.
11:52 of 2nd period - Stopped by Ilya Sorokin without a rebound.
11:53 of 2nd period - Elias Lindholm wins face-off versus Bo Horvat in Predators zone.
12:56 of 2nd period - Off-side.
12:57 of 2nd period - Nazem Kadri wins face-off versus Lucas Raymond in neutral zone.
12:57 of 2nd period - Gustav Forsling is hit by Tage Thompson and loses puck.
13:01 of 2nd period - Off-side.
13:02 of 2nd period - Tage Thompson wins face-off versus Nazem Kadri in neutral zone.
13:10 of 2nd period - Icing by Evan Bouchard.
13:11 of 2nd period - Nazem Kadri wins face-off versus Tage Thompson in Stars zone.
14:23 of 2nd period - Shot by Phil Kessel.
14:23 of 2nd period - Shot Blocked by Brandon Carlo.
14:25 of 2nd period - Shot by Henri Jokiharju.
14:25 of 2nd period - Stopped by Ilya Sorokin without a rebound.
14:26 of 2nd period - Bo Horvat wins face-off versus Elias Lindholm in Predators zone.
14:26 of 2nd period - Bo Horvat is hit by Vincent Trocheck.
14:52 of 2nd period - Shot by Vincent Trocheck.
14:52 of 2nd period - Stopped by Ilya Sorokin without a rebound.
14:53 of 2nd period - J.T. Miller wins face-off versus Anton Lundell in Predators zone.
14:55 of 2nd period - Icing by Taylor Hall.
14:56 of 2nd period - J.T. Miller wins face-off versus Nazem Kadri in Predators zone.
15:11 of 2nd period - Shot by J.T. Miller.
15:11 of 2nd period - Stopped by Thatcher Demko without a rebound.
15:12 of 2nd period - Bo Horvat wins face-off versus Anton Lundell in Stars zone.
15:31 of 2nd period - Henri Jokiharju is hit by Darnell Nurse and loses puck.
16:11 of 2nd period - Anton Lundell is hit by J.T. Miller and loses puck.
16:47 of 2nd period - Shot by Taylor Hall.
16:47 of 2nd period - Stopped by Thatcher Demko without a rebound.
16:48 of 2nd period - Elias Lindholm wins face-off versus Tage Thompson in Stars zone.
17:11 of 2nd period - Shot by Nikita Zadorov.
17:11 of 2nd period - Deflect By Tage Thompson.
17:11 of 2nd period - Shot Misses the Net.
17:21 of 2nd period - Shot by Vincent Trocheck.
17:21 of 2nd period - Shot Misses the Net.
17:23 of 2nd period - Shot by Elias Lindholm.
17:23 of 2nd period - Shot Misses the Net.
17:25 of 2nd period - Shot by Vincent Trocheck.
17:25 of 2nd period - Stopped by Ilya Sorokin without a rebound.
17:26 of 2nd period - Bo Horvat wins face-off versus Nazem Kadri in Predators zone.
18:26 of 2nd period - Icing by Tanner Pearson.
18:27 of 2nd period - Seth Jarvis wins face-off versus J.T. Miller in Stars zone.
18:52 of 2nd period - Shot by J.T. Miller.
18:52 of 2nd period - Shot Misses the Net.
Goals for this period are 0 for Stars vs 0 for Predators.
Shots for this period are 13 for Stars vs 10 for Predators.

3rd period


0:01 of 3rd period - Elias Lindholm wins face-off versus Kyle Connor in neutral zone.
0:05 of 3rd period - Vincent Trocheck is hit by Darnell Nurse.
0:28 of 3rd period - Shot by Bo Horvat.
0:28 of 3rd period - Stopped by Thatcher Demko without a rebound.
0:29 of 3rd period - Nazem Kadri wins face-off versus Tage Thompson in Stars zone.
0:29 of 3rd period - Nazem Kadri is hit by Gabriel Vilardi.
0:43 of 3rd period - Roman Josi is hit by Timo Meier.
0:54 of 3rd period - Shot by Rickard Rakell.
0:54 of 3rd period - Goal by Rickard Rakell - Stars : 2 - Predators : 2.
0:55 of 3rd period - Elias Lindholm wins face-off versus Bo Horvat in neutral zone.
1:03 of 3rd period - Icing by Thomas Chabot.
1:04 of 3rd period - Bo Horvat wins face-off versus Vincent Trocheck in Predators zone.
1:33 of 3rd period - Shot by Carter Verhaeghe.
1:33 of 3rd period - Stopped by Ilya Sorokin without a rebound.
1:34 of 3rd period - Oliver Wahlstrom wins face-off versus Nazem Kadri in Predators zone.
1:34 of 3rd period - Oliver Wahlstrom is hit by Timo Meier.
1:40 of 3rd period - Sean Durzi is hit by J.T. Miller.
1:44 of 3rd period - Shot by Brandon Carlo.
1:44 of 3rd period - Stopped by Thatcher Demko with a rebound.
1:50 of 3rd period - Shot by Roman Josi.
1:50 of 3rd period - Shot Blocked by Sean Durzi.
2:11 of 3rd period - Taylor Hall is hit by Sean Durzi and loses puck.
2:28 of 3rd period - Shot by Bo Horvat.
2:28 of 3rd period - Shot Misses the Net.
2:30 of 3rd period - Shot by Alex Tuch.
2:30 of 3rd period - Shot Misses the Net.
2:32 of 3rd period - Shot by Alex Tuch.
2:32 of 3rd period - Shot Blocked by Nick Jensen.
2:48 of 3rd period - Shot by Kyle Connor.
2:48 of 3rd period - Shot Misses the Net.
2:50 of 3rd period - Shot by Bo Horvat.
2:50 of 3rd period - Shot Misses the Net.
2:53 of 3rd period - Minor Penalty to Nick Jensen for Tripping.
2:54 of 3rd period - Tage Thompson wins face-off versus Anton Lundell in Stars zone.
3:05 of 3rd period - Shot by Darnell Nurse.
3:05 of 3rd period - Shot Blocked by Evan Bouchard.
3:07 of 3rd period - Shot by Darnell Nurse.
3:07 of 3rd period - Shot Blocked by Henri Jokiharju.
3:19 of 3rd period - Shot by Tage Thompson.
3:19 of 3rd period - Shot Blocked by Evan Bouchard.
3:28 of 3rd period - Shot by Darnell Nurse.
3:28 of 3rd period - Deflect By Tage Thompson.
3:28 of 3rd period - Goal by Tage Thompson - Stars : 2 - Predators : 3.
3:29 of 3rd period - Bo Horvat wins face-off versus Elias Lindholm in neutral zone.
3:29 of 3rd period - Bo Horvat is hit by Vincent Trocheck.
4:51 of 3rd period - Shot by Gabriel Vilardi.
4:51 of 3rd period - Shot Misses the Net.
5:11 of 3rd period - Shot by Timo Meier.
5:11 of 3rd period - Deflect By Rickard Rakell.
5:11 of 3rd period - Shot Blocked by Gabriel Vilardi.
5:13 of 3rd period - Shot by Nick Jensen.
5:13 of 3rd period - Stopped by Ilya Sorokin without a rebound.
5:14 of 3rd period - J.T. Miller wins face-off versus Seth Jarvis in Predators zone.
5:19 of 3rd period - Shot by Thomas Chabot.
5:19 of 3rd period - Shot Misses the Net.
5:29 of 3rd period - Shot by Thomas Chabot.
5:29 of 3rd period - Stopped by Thatcher Demko without a rebound.
5:30 of 3rd period - Elias Lindholm wins face-off versus Cal Clutterbuck in Stars zone.
5:39 of 3rd period - Shot by Gustav Forsling.
5:39 of 3rd period - Shot Hit the Post.
5:49 of 3rd period - Shot by Elias Lindholm.
5:49 of 3rd period - Shot Misses the Net.
5:52 of 3rd period - Icing by Brandon Carlo.
5:53 of 3rd period - Yakov Trenin wins face-off versus Nazem Kadri in Predators zone.
6:43 of 3rd period - Icing by Nick Jensen.
6:44 of 3rd period - Timo Meier wins face-off versus Bo Horvat in Stars zone.
6:46 of 3rd period - Icing by Rickard Rakell.
6:47 of 3rd period - Tage Thompson wins face-off versus Nazem Kadri in Stars zone.
6:50 of 3rd period - Shot by Tage Thompson.
6:50 of 3rd period - Deflect By Gabriel Vilardi.
6:50 of 3rd period - Shot Blocked by Nick Jensen.
6:52 of 3rd period - Shot by Darnell Nurse.
6:52 of 3rd period - Shot Misses the Net.
6:54 of 3rd period - Shot by Lucas Raymond.
6:54 of 3rd period - Shot Misses the Net.
7:24 of 3rd period - Shot by Lucas Raymond.
7:24 of 3rd period - Shot Misses the Net.
7:56 of 3rd period - Icing by Evan Bouchard.
7:57 of 3rd period - Elias Lindholm wins face-off versus Bo Horvat in Stars zone.
8:04 of 3rd period - Shot by Kyle Connor.
8:04 of 3rd period - Shot Misses the Net.
8:16 of 3rd period - Shot by Elias Lindholm.
8:16 of 3rd period - Stopped by Ilya Sorokin without a rebound.
8:17 of 3rd period - Anton Lundell wins face-off versus J.T. Miller in Predators zone.
9:37 of 3rd period - Shot by Vincent Trocheck.
9:37 of 3rd period - Stopped by Ilya Sorokin without a rebound.
9:38 of 3rd period - Nazem Kadri wins face-off versus Tage Thompson in Predators zone.
10:23 of 3rd period - Shot by Tage Thompson.
10:23 of 3rd period - Shot Misses the Net.
10:31 of 3rd period - Thomas Chabot is hit by Timo Meier and loses puck.
10:58 of 3rd period - Off-side.
10:59 of 3rd period - Anton Lundell wins face-off versus J.T. Miller in neutral zone.
10:59 of 3rd period - Anton Lundell is hit by Oliver Wahlstrom.
11:35 of 3rd period - Icing by Nikita Zadorov.
11:36 of 3rd period - Elias Lindholm wins face-off versus J.T. Miller in Predators zone.
12:11 of 3rd period - Shot by Bo Horvat.
12:11 of 3rd period - Shot Misses the Net.
12:15 of 3rd period - Shot by Bo Horvat.
12:15 of 3rd period - Shot Blocked by Evan Bouchard.
12:17 of 3rd period - Shot by Brandon Carlo.
12:17 of 3rd period - Shot Misses the Net.
12:19 of 3rd period - Shot by Bo Horvat.
12:19 of 3rd period - Stopped by Thatcher Demko with a rebound.
12:47 of 3rd period - Shot by Kyle Connor.
12:47 of 3rd period - Shot Blocked by Henri Jokiharju.
12:49 of 3rd period - Shot by Bo Horvat.
12:49 of 3rd period - Deflect By Kyle Connor.
12:49 of 3rd period - Stopped by Thatcher Demko without a rebound.
12:50 of 3rd period - Tage Thompson wins face-off versus Anton Lundell in Stars zone.
13:05 of 3rd period - Shot by Lucas Raymond.
13:05 of 3rd period - Goal by Lucas Raymond - Stars : 2 - Predators : 4.
13:06 of 3rd period - Nazem Kadri wins face-off versus J.T. Compher in neutral zone.
13:14 of 3rd period - Timo Meier is hit by Darnell Nurse and loses puck.
13:31 of 3rd period - Shot by Cal Clutterbuck.
13:31 of 3rd period - Shot Misses the Net.
13:33 of 3rd period - Shot by J.T. Compher.
13:33 of 3rd period - Stopped by Thatcher Demko without a rebound.
13:34 of 3rd period - Bo Horvat wins face-off versus Anton Lundell in Stars zone.
13:38 of 3rd period - Icing by Sean Durzi.
13:39 of 3rd period - Bo Horvat wins face-off versus Phil Kessel in Stars zone.
14:00 of 3rd period - Anton Lundell is hit by Roman Josi.
14:01 of 3rd period - Minor Penalty to Brandon Carlo for Interference.
14:02 of 3rd period - J.T. Miller wins face-off versus Elias Lindholm in Predators zone.
14:35 of 3rd period - Icing by Elias Lindholm.
14:36 of 3rd period - Elias Lindholm wins face-off versus J.T. Compher in Stars zone.
14:42 of 3rd period - Nazem Kadri is hit by Thomas Chabot and loses puck.
15:07 of 3rd period - Gustav Forsling is hit by Cal Clutterbuck and loses puck.
16:17 of 3rd period - Shot by Lucas Raymond.
16:17 of 3rd period - Stopped by Thatcher Demko without a rebound.
16:18 of 3rd period - Seth Jarvis wins face-off versus Bo Horvat in Stars zone.
16:18 of 3rd period - Seth Jarvis is hit by Alex Tuch.
16:26 of 3rd period - Shot by Tanner Pearson.
16:26 of 3rd period - Shot Blocked by Alex Tuch.
16:28 of 3rd period - Shot by Noah Cates.
16:28 of 3rd period - Shot Misses the Net.
16:30 of 3rd period - Shot by Gustav Forsling.
16:30 of 3rd period - Shot Blocked by Roman Josi.
16:45 of 3rd period - Off-side.
16:46 of 3rd period - J.T. Miller wins face-off versus Nazem Kadri in neutral zone.
17:03 of 3rd period - Icing by Nikita Zadorov.
17:04 of 3rd period - J.T. Miller wins face-off versus Elias Lindholm in Predators zone.
17:04 of 3rd period - J.T. Miller is hit by Vincent Trocheck.
17:05 of 3rd period - J.T. Miller from Predators is injured at 17:05 of 3rd period (Sprained Left Ankle).
17:06 of 3rd period - Lucas Raymond wins face-off versus Elias Lindholm in Predators zone.
17:21 of 3rd period - Shot by Tage Thompson.
17:21 of 3rd period - Stopped by Thatcher Demko with a rebound.
18:20 of 3rd period - Shot by Alex Tuch.
18:20 of 3rd period - Shot Misses the Net.
18:22 of 3rd period - Shot by Taylor Hall.
18:22 of 3rd period - Shot Misses the Net.
18:40 of 3rd period - Shot by Gustav Forsling.
18:40 of 3rd period - Stopped by Ilya Sorokin without a rebound.
18:41 of 3rd period - Anton Lundell wins face-off versus Yakov Trenin in Predators zone.
18:51 of 3rd period - Off-side.
18:52 of 3rd period - Yakov Trenin wins face-off versus Seth Jarvis in neutral zone.
18:55 of 3rd period - Nick Jensen is hit by Yakov Trenin and loses puck.
19:15 of 3rd period - Off-side.
19:16 of 3rd period - Elias Lindholm wins face-off versus Bo Horvat in neutral zone.
19:23 of 3rd period - Shot by Darnell Nurse.
19:23 of 3rd period - Shot Misses the Net.
19:25 of 3rd period - Shot by Darnell Nurse.
19:25 of 3rd period - Stopped by Thatcher Demko without a rebound.
19:26 of 3rd period - Tage Thompson wins face-off versus Nazem Kadri in Stars zone.
19:27 of 3rd period - Shot by Taylor Hall.
19:27 of 3rd period - Shot Misses the Net.
19:28 of 3rd period - Minor Penalty to Taylor Hall for Hooking.
19:29 of 3rd period - Alex Tuch wins face-off versus Elias Lindholm in Predators zone.
19:29 of 3rd period - Alex Tuch is hit by Vincent Trocheck.
19:55 of 3rd period - Elias Lindholm is hit by Darnell Nurse and loses puck.
Goals for this period are 1 for Stars vs 2 for Predators.
Shots for this period are 6 for Stars vs 11 for Predators.